ATL
YORK REVOLUTION @ SOUTHERN MARYLAND BLUE CRABS
08/27/2072
 
TOP OF THE 1ST
White Sands Pupfish batting - Pitching for Wasco Reserves : RHP Andrew Merken
Pitching: RHP Andrew Merken
Batting: LHB Octavio Alicea 0-0: Called Strike
0-1: Foul Ball, location: 2F
0-2: Strikes out swinging
Batting: RHB Bill Forstner 0-0: Ball
1-0: Ball
2-0: Called Strike
2-1: Fly out, F4 (Flyball, 4D, EV 82.5 MPH)
Batting: RHB Dave Lowery 0-0: Ball
1-0: Called Strike
1-1: Foul Ball, location: 2F
1-2: SINGLE (Flyball, 8RS, EV 90.0 MPH)
Batting: LHB John Pinkham 0-0: Hit by Pitch
Dave Lowery to second
Batting: RHB Jose Abreu 0-0: Fly out, F8 (Flyball, 78S, EV 74.4 MPH)
Top of the 1st over - 0 runs, 1 hit, 0 errors, 2 left on base; White Sands 0 - Wasco 0
BOTTOM OF THE 1ST
Wasco Reserves batting - Pitching for White Sands Pupfish : RHP Tyler Holt
Pitching: RHP Tyler Holt
Batting: RHB Nelson Rivas 0-0: Ball
1-0: Foul Ball, location: 2F
1-1: Ball
2-1: Swinging Strike
2-2: Foul Ball, location: 2F
2-2: SINGLE (Groundball, 15, EV 81.2 MPH) (infield hit)
Batting: LHB M.J. Rookard 0-0: Ball
Nelson Rivas is caught stealing 2nd base 2-6
1-0: Called Strike
1-1: Ground out 4-3 (Groundball, 4, EV 86.9 MPH)
Batting: RHB Mason Smith 0-0: Foul Ball, location: 2F
0-1: Ball
1-1: Fly out, F5 (Line Drive, 5, EV 74.4 MPH)
Bottom of the 1st over - 0 runs, 1 hit, 0 errors, 0 left on base; White Sands 0 - Wasco 0
TOP OF THE 2ND
White Sands Pupfish batting - Pitching for Wasco Reserves : RHP Andrew Merken
Batting: RHB Kellen Hatheway 0-0: Called Strike
0-1: Ball
1-1: Swinging Strike
1-2: Ground out 4-3 (Groundball, 4, EV 81.2 MPH)
Batting: RHB Chris Whitley 0-0: Called Strike
0-1: Foul Ball, location: 2F
0-2: Foul Ball, location: 2F
0-2: Ball
1-2: Ball
2-2: Ball
3-2: Fly out, F9 (Flyball, 9, EV 95.6 MPH)
Batting: RHB A.J. Nitzschke 0-0: Swinging Strike
0-1: Foul Ball, location: 2F
0-2: Ball
1-2: Fly out, F9 (Flyball, 9, EV 88.8 MPH)
Top of the 2nd over - 0 runs, 0 hits, 0 errors, 0 left on base; White Sands 0 - Wasco 0
BOTTOM OF THE 2ND
Wasco Reserves batting - Pitching for White Sands Pupfish : RHP Tyler Holt
Batting: LHB Giovonni Mariotto 0-0: Called Strike
0-1: Called Strike
0-2: Ground out 1-3 (Groundball, P, EV 63.8 MPH)
Batting: RHB Trey Ellis 0-0: Ground out 4-3 (Groundball, 4, EV 100.6 MPH)
Batting: RHB Cesar Perez 0-0: Hit by Pitch
Batting: SHB Tim Pierce 0-0: Called Strike
0-1: Ball
1-1: Ball
2-1: Foul Ball, location: 2F
2-2: Foul Ball, location: 2F
2-2: Strikes out swinging
Bottom of the 2nd over - 0 runs, 0 hits, 0 errors, 1 left on base; White Sands 0 - Wasco 0
TOP OF THE 3RD
White Sands Pupfish batting - Pitching for Wasco Reserves : RHP Andrew Merken
Batting: RHB Tyler Holt 0-0: Ball
1-0: Ball
2-0: Ball
3-0: Base on Balls
Batting: LHB Octavio Alicea 0-0: Ball
1-0: DOUBLE (Line Drive, 9LD, EV 105.0 MPH)
Tyler Holt to third
Batting: RHB Bill Forstner 0-0: Foul Ball, location: 2F
0-1: Ball
1-1: Ball
2-1: Ball
3-1: Base on Balls
Batting: RHB Dave Lowery 0-0: Foul Ball, location: 2F
0-1: Ball
1-1: Foul Ball, location: 2F
1-2: Grounds into double play, 6-4-3 (Groundball, 6S, EV 79.4 MPH)
Tyler Holt scores
Octavio Alicea to third
Batting: LHB John Pinkham 0-0: Swinging Strike
0-1: Foul Ball, location: 2F
0-2: Foul Ball, location: 2F
0-2: Strikes out swinging
Top of the 3rd over - 1 run, 1 hit, 0 errors, 1 left on base; White Sands 1 - Wasco 0
BOTTOM OF THE 3RD
Wasco Reserves batting - Pitching for White Sands Pupfish : RHP Tyler Holt
Batting: RHB Vaihab Dasai 0-0: Foul Ball, location: 2F
0-1: Ball
1-1: Ball
2-1: Foul Ball, location: 2F
2-2: Ball
3-2: Foul Ball, location: 2F
3-2: Foul Ball, location: 2F
3-2: Strikes out swinging
Batting: RHB Andrew Merken 0-0: Ball
1-0: Ball
2-0: Swinging Strike
2-1: Ball
3-1: Foul Ball, location: 2F
3-2: Foul Ball, location: 2F
3-2: Base on Balls
Batting: RHB Nelson Rivas 0-0: Ball
1-0: Called Strike
1-1: Hit by Pitch
Andrew Merken to second
Pinch Runner at 1st Luis Garcia:
Batting: LHB M.J. Rookard 0-0: Ball
1-0: Ball
2-0: Ball
3-0: Base on Balls
Andrew Merken to third
Luis Garcia to second
Batting: RHB Mason Smith 0-0: Ball
1-0: SINGLE (Line Drive, 4D, EV 98.8 MPH)
Andrew Merken scores
Luis Garcia to third
M.J. Rookard to second
Runner from 3rd tries for Home, SAFE, throw by CF to home
Batting: LHB Giovonni Mariotto 0-0: Ball
1-0: Fielders Choice at 2nd, 3-6 (Groundball, 3D, EV 101.2 MPH)
M.J. Rookard to third
Batting: RHB Trey Ellis 0-0: Fly out, F9 (Flyball, 9LD, EV 104.4 MPH)
Bottom of the 3rd over - 2 runs, 1 hit, 0 errors, 2 left on base; White Sands 1 - Wasco 2
TOP OF THE 4TH
White Sands Pupfish batting - Pitching for Wasco Reserves : RHP Andrew Merken
Now in CF: Collins Robinson
Batting: RHB Jose Abreu 0-0: Ball
1-0: Called Strike
1-1: Ball
2-1: Swinging Strike
2-2: Fly out, F7 (Flyball, 78S, EV 86.9 MPH)
Batting: RHB Kellen Hatheway 0-0: Ground out 6-3 (Groundball, 6, EV 102.5 MPH)
Batting: RHB Chris Whitley 0-0: Foul Ball, location: 2F
0-1: Ball
1-1: Foul Ball, location: 2F
1-2: Strikes out looking
Top of the 4th over - 0 runs, 0 hits, 0 errors, 0 left on base; White Sands 1 - Wasco 2
BOTTOM OF THE 4TH
Wasco Reserves batting - Pitching for White Sands Pupfish : RHP Tyler Holt
Batting: RHB Cesar Perez 0-0: SINGLE (Flyball, 89S, EV 91.2 MPH)
Batting: SHB Tim Pierce 0-0: Ball
1-0: Foul Ball, location: 2F
1-1: Ball
2-1: Fly out, F9 (Line Drive, 9D, EV 105.6 MPH)
Batting: RHB Vaihab Dasai 0-0: Foul Ball, location: 2F
0-1: Grounds into double play, 5-4-3 (Groundball, 5, EV 85.6 MPH)
Bottom of the 4th over - 0 runs, 1 hit, 0 errors, 0 left on base; White Sands 1 - Wasco 2
TOP OF THE 5TH
White Sands Pupfish batting - Pitching for Wasco Reserves : RHP Andrew Merken
Batting: RHB A.J. Nitzschke 0-0: Ball
1-0: Foul Ball, location: 2F
1-1: Foul Ball, location: 2F
1-2: Ball
2-2: SOLO HOME RUN (Flyball, 9D, EV 93.1 MPH), Distance : 362 ft
Batting: RHB Tyler Holt 0-0: Called Strike
0-1: Called Strike
0-2: Ground out 4-3 (Groundball, 34, EV 85.6 MPH)
Batting: LHB Octavio Alicea 0-0: Foul Ball, location: 2F
0-1: Foul Ball, location: 2F
0-2: SINGLE (Line Drive, 4M, EV 109.4 MPH)
Batting: RHB Bill Forstner 0-0: Ball
Octavio Alicea is caught stealing 2nd base 2-4
1-0: Ball
2-0: Called Strike
2-1: Ball
3-1: Base on Balls
Batting: RHB Dave Lowery 0-0: Called Strike
0-1: Ground out 1-3 (Groundball, P, EV 68.1 MPH)
Top of the 5th over - 1 run, 2 hits, 0 errors, 1 left on base; White Sands 2 - Wasco 2
BOTTOM OF THE 5TH
Wasco Reserves batting - Pitching for White Sands Pupfish : RHP Tyler Holt
Batting: RHB Andrew Merken 0-0: Called Strike
0-1: Ball
1-1: SINGLE (Line Drive, 6MD, EV 96.9 MPH)
Batting: LHB Collins Robinson 0-0: Grounds into double play, 5-4-3 (Groundball, 5, EV 85.0 MPH)
Batting: LHB M.J. Rookard 0-0: Ball
1-0: Foul Ball, location: 2F
1-1: Ball
2-1: Ball
3-1: Ground out 6-3 (Groundball, 6, EV 97.5 MPH)
Bottom of the 5th over - 0 runs, 1 hit, 0 errors, 0 left on base; White Sands 2 - Wasco 2
TOP OF THE 6TH
White Sands Pupfish batting - Pitching for Wasco Reserves : RHP Andrew Merken
Batting: LHB John Pinkham 0-0: Ball
1-0: Called Strike
1-1: DOUBLE (Flyball, 8RXD, EV 100.6 MPH)
Batting: RHB Jose Abreu 0-0: Ball
1-0: Called Strike
1-1: Ball
2-1: Ball
3-1: Ground out 5-3 (Groundball, 5D, EV 105.0 MPH)
Batting: RHB Kellen Hatheway 0-0: Ball
1-0: Ball
2-0: Ball
3-0: Base on Balls
Batting: RHB Chris Whitley 0-0: Swinging Strike
0-1: Fly out, F8 (Line Drive, 8RM, EV 99.4 MPH)
Batting: RHB A.J. Nitzschke 0-0: Ground out 4-3 (Groundball, 4, EV 109.4 MPH)
Top of the 6th over - 0 runs, 1 hit, 0 errors, 2 left on base; White Sands 2 - Wasco 2
BOTTOM OF THE 6TH
Wasco Reserves batting - Pitching for White Sands Pupfish : RHP Tyler Holt
Batting: RHB Mason Smith 0-0: Called Strike
0-1: Ball
1-1: Swinging Strike
1-2: Foul Ball, location: 2F
1-2: Strikes out swinging
Batting: LHB Giovonni Mariotto 0-0: Swinging Strike
0-1: Ground out U3 (Groundball, 3L, EV 82.5 MPH)
Batting: RHB Trey Ellis 0-0: Ball
1-0: Fly out, F8 (Flyball, 8LD, EV 98.1 MPH)
Bottom of the 6th over - 0 runs, 0 hits, 0 errors, 0 left on base; White Sands 2 - Wasco 2
TOP OF THE 7TH
White Sands Pupfish batting - Pitching for Wasco Reserves : RHP Andrew Merken
Batting: RHB Tyler Holt 0-0: Ground out U3 (Groundball, 3L, EV 102.5 MPH)
Batting: LHB Octavio Alicea 0-0: Ball
1-0: Ball
2-0: Ball
3-0: Base on Balls
Batting: RHB Bill Forstner Pickoff Throw to First - Out! 1-3
0-0: Ball
1-0: Swinging Strike
1-1: Ball
2-1: Foul Ball, location: 2F
2-2: Foul Ball, location: 2F
2-2: Foul Ball, location: 2F
2-2: Ball
3-2: Fly out, F8 (Line Drive, 8LD, EV 99.4 MPH)
Top of the 7th over - 0 runs, 0 hits, 0 errors, 0 left on base; White Sands 2 - Wasco 2
BOTTOM OF THE 7TH
Wasco Reserves batting - Pitching for White Sands Pupfish : RHP Tyler Holt
Batting: RHB Cesar Perez 0-0: Called Strike
0-1: Swinging Strike
0-2: Strikes out looking
Batting: SHB Tim Pierce 0-0: Called Strike
0-1: Foul Ball, location: 2F
0-2: Strikes out swinging
Batting: RHB Vaihab Dasai 0-0: Ball
1-0: Ball
2-0: Ball
3-0: Called Strike
3-1: Swinging Strike
3-2: Foul Ball, location: 2F
3-2: Foul Ball, location: 2F
3-2: Ground out 6-3 (Groundball, 6D, EV 105.6 MPH)
Bottom of the 7th over - 0 runs, 0 hits, 0 errors, 0 left on base; White Sands 2 - Wasco 2
TOP OF THE 8TH
White Sands Pupfish batting - Pitching for Wasco Reserves : RHP Andrew Merken
Pitching: RHP Ryan Schroeder
Now at 1B: Jorge Rios
Batting: RHB Dave Lowery 0-0: Ground out 5-3 (Groundball, 56, EV 92.5 MPH)
Batting: LHB John Pinkham 0-0: Fly out, F7 (Flyball, 78D, EV 110.0 MPH)
Batting: RHB Jose Abreu 0-0: Called Strike
0-1: Ball
1-1: Swinging Strike
1-2: Strikes out swinging
Top of the 8th over - 0 runs, 0 hits, 0 errors, 0 left on base; White Sands 2 - Wasco 2
BOTTOM OF THE 8TH
Wasco Reserves batting - Pitching for White Sands Pupfish : RHP Tyler Holt
Pitching: RHP Dino Cattai
Now at 1B: Matt Evans
Batting: RHB Jorge Rios 0-0: Ball
1-0: Called Strike
1-1: SOLO HOME RUN (Flyball, 7D, EV 103.8 MPH), Distance : 371 ft
Batting: LHB Collins Robinson 0-0: Ball
1-0: Ball
2-0: SOLO HOME RUN (Flyball, 9D, EV 108.8 MPH), Distance : 370 ft
Batting: LHB M.J. Rookard 0-0: Called Strike
0-1: Fly out, F8 (Flyball, 8LXD, EV 90.0 MPH)
Batting: RHB Mason Smith 0-0: Called Strike
0-1: Foul Ball, location: 2F
0-2: Ball
1-2: Strikes out looking
Batting: LHB Giovonni Mariotto 0-0: Ball
1-0: SOLO HOME RUN (Line Drive, 89XD, EV 99.4 MPH), Distance : 409 ft
Batting: RHB Ryan Schroeder 0-0: Called Strike
0-1: Ball
1-1: Ball
2-1: Reached on error, E4 (Groundball, 4, EV 82.5 MPH)
Batting: RHB Cesar Perez 0-0: Ball
1-0: Fly out, F5 (Line Drive, 5, EV 68.8 MPH)
Bottom of the 8th over - 3 runs, 3 hits, 1 error, 1 left on base; White Sands 2 - Wasco 5
TOP OF THE 9TH
White Sands Pupfish batting - Pitching for Wasco Reserves : RHP Ryan Schroeder
Batting: RHB Kellen Hatheway 0-0: Ground out U3 (Groundball, 34, EV 80.6 MPH)
Batting: RHB Chris Whitley 0-0: Foul Ball, location: 2F
0-1: Ball
1-1: Swinging Strike
1-2: SOLO HOME RUN (Flyball, 7LD, EV 111.9 MPH), Distance : 353 ft
Batting: RHB A.J. Nitzschke 0-0: Called Strike
0-1: SINGLE (Groundball, 6MD, EV 95.0 MPH)
Batting: RHB Matt Evans 0-0: Ball
1-0: Called Strike
1-1: Ball
2-1: Ball
3-1: Foul Ball, location: 2F
3-2: SINGLE (Groundball, 6MD, EV 96.9 MPH)
A.J. Nitzschke to second
Batting: LHB Octavio Alicea 0-0: Ball
1-0: Called Strike
1-1: Ball
2-1: Foul Ball, location: 2F
2-2: Fly out, F7 (Flyball, 7D, EV 100.0 MPH)
Runner from 2nd tags up, SAFE at 3rd, no throw by LF
Pinch Hitting: RHB Alvin Sanchez 0-0: Called Strike
0-1: Ball
1-1: Foul Ball, location: 2F
1-2: Strikes out swinging
Top of the 9th over - 1 run, 3 hits, 0 errors, 2 left on base; White Sands 3 - Wasco 5
Sunday, October 31st , 2021 - OOTP Baseball 22.10 Build 79